 Dungeon Crawl Stone Soup version 0.20-a0-548-g4f8a798 (webtiles) character file.

11083 AlphabetPasta the Tainter (level 11, -24/72 HPs)
             Began as a Merfolk Venom Mage on Jan 31, 2017.
             Was a Priest of Vehumet.
             Annihilated by a minotaur
             ... wielding the +9 short sword of Unwoduid {freeze, rPois rC+}
              (32 damage)
             ... in a labyrinth.
             The game lasted 01:43:24 (17164 turns).

AlphabetPasta the Tainter (Merfolk Venom Mage)     Turns: 17164, Time: 01:43:25

Health: -24/72     AC:  8    Str:  9      XL:     11   Next: 72%
Magic:  3/22       EV: 15    Int: 22      God:    Vehumet [***...]
Gold:   510        SH:  0    Dex: 14 (15) Spells: 7/25 levels left

rFire    + + .     SeeInvis .   I - +0 trident
rCold    + . .     Gourm    .   v - +1 robe {rC+ rF+}
rNeg     . . .     Faith    .   (no shield)
rPois    .         Spirit   .   J - +2 helmet
rElec    .         Reflect  .   m - +1 cloak
rCorr    .         Harm     .   (no gloves)
MR       .....                  (no boots)
Stlth    ++........             (no amulet)
Regen    0.3/turn               i - ring of protection from fire
                                s - ring of wizardry

@: brilliant
A: change form in water, swift swim, stealthy swim
a: Renounce Religion


You were in a labyrinth.
You worshipped Vehumet.
Vehumet was most pleased with you.
You were not hungry.

You visited 2 branches of the dungeon, and saw 12 of its levels.
You also visited: Labyrinth and Sewer.

You collected 666 gold pieces.
You spent 156 gold pieces at shops.

Inventory:

Hand Weapons
 a - a +1 spear
 g - a +0 dagger
 t - a +0 flail
 I - a +0 trident (weapon)
Armour
 f - a +0 buckler
 m - a +1 cloak (worn)
 v - a +1 robe of resistance (worn)
 x - a +0 robe
 J - a +2 helmet (worn)
Magical Staves
 B - an uncursed staff of death
Jewellery
 i - a ring of protection from fire (right hand)
 n - an uncursed ring of fire
 s - a ring of wizardry (left hand)
Wands
 e - a wand of acid (7/15)
 D - a wand of paralysis (0/24)
 H - a wand of scattershot (0/9)
 L - a wand of iceblast (2/15)
Scrolls
 h - a scroll of enchant weapon
 A - 3 scrolls of remove curse
 C - a scroll of amnesia
Potions
 j - 2 potions of cancellation
 o - a potion of cure mutation
 q - 3 potions of magic
 r - 2 potions of flight
 u - 2 potions of agility
 F - a potion of curing
Books
 b - a Young Poisoner's Handbook

   Spells                             Type                      Level
   a - Sting                          Conjuration/Poison           1
   b - Poisonous Vapours              Poison/Air                   2
   c - Mephitic Cloud                 Conjuration/Poison/Air       3
   d - Olgreb's Toxic Radiance        Poison                       4
   e - Venom Bolt                     Conjuration/Poison           5
 E - the Catalogue of the Snowflakes and Protection
   (You found it on level 7 of the Dungeon)

   Spells                             Type                      Level
   a - Infusion                       Charms                       1
   b - Freeze                         Ice                          1
   c - Song of Slaying                Charms                       2
   d - Spectral Weapon                Hexes/Charms                 3
   e - Deflect Missiles               Charms/Air                   6
   f - Ring of Flames                 Charms/Fire                  7
Comestibles
 c - 7 bread rations


   Skills:
 - Level 2.2 Fighting
 - Level 6.0 Polearms
 - Level 6.0 Dodging
 - Level 2.1 Stealth
 + Level 1.0 Shields
 + Level 7.6 Spellcasting
 * Level 6.5 Conjurations
 + Level 1.3 Fire Magic
 + Level 5.1 Ice Magic
 * Level 12.6 Poison Magic
 - Level 2.2 Evocations


You had 7 spell levels left.
You knew the following spells:

 Your Spells              Type           Power        Failure   Level  Hunger
a - Sting                 Conj/Pois      ####         1%          1    None
b - Poisonous Vapours     Pois/Air       #####.       1%          2    None
c - Mephitic Cloud        Conj/Pois/Air  #####...     1%          3    None
d - Olgreb's Toxic Radia  Pois           ######..     1%          4    ###....
e - Freeze                Ice            ####         1%          1    None
f - Magic Dart            Conj           ####         1%          1    None
g - Throw Flame           Conj/Fire      #####.       1%          2    None
h - Throw Icicle          Conj/Ice       #####...     1%          4    ###....


Dungeon Overview and Level Annotations

Branches:
Dungeon (11/15)            Temple (1/1) D:7            Lair (0/6) D:10
    Orc (0/2) D:10

Altars:
Ashenzari
Cheibriados
Dithmenos
Elyvilon
Fedhas
Gozag
Hepliaklqana
Kikubaaqudgha
Makhleb
Nemelex Xobeh
Okawaru
Qazlal
Ru
Sif Muna
Trog
Uskayaw
Vehumet
Xom
Yredelemnul
Zin
The Shining One

Shops:
D:6 !

Annotations:
D:3 AlphabetPasta's ghost, weakling CeAK
D:9 exclusion: oklob plant


Message History

Aiming: Throw Icicle
Press: ? - help, Shift-Dir - straight line, f/p - minotaur
Aim: a minotaur, wielding an ichor-stained short sword {freeze}, wearing a robe and wearing a golden ring (heavily wounded)
The shard of ice hits the minotaur.
The minotaur partially resists.
The minotaur is severely wounded.
The minotaur hits you with an ichor-stained short sword {freeze}!
* * * LOW HITPOINT WARNING * * *
The minotaur freezes you.
* * * LOW HITPOINT WARNING * * *
The minotaur gores you.
* * * LOW HITPOINT WARNING * * *
Casting: Throw Icicle
Confirm with . or Enter, or press ? or * to list all spells.
Aiming: Throw Icicle
Press: ? - help, Shift-Dir - straight line, f/p - minotaur
Aim: a minotaur, wielding an ichor-stained short sword {freeze}, wearing a robe and wearing a golden ring (severely wounded)
The shard of ice hits the minotaur.
The minotaur partially resists.
The minotaur is almost dead.
The minotaur hits you with an ichor-stained short sword {freeze}!!
You die...

.# # . # .. # # #
# ###### # ### .
....#. . ..... .
# #.# #####.#.#.
## # . ...#...#.#
. # #.# #
.###.#.... . .
....# # #..
..#########...# #
# #####.#8.8%8/
#. ##.# . .
.#@H...... #.
..... # . .
#.#8.8=8[ #.
.###. . .... .
..######## .. # #
#####.. .. .#. #
..#.. ...#.. #
#.#.#.#.###.#.###
. #.#.#.# ..#. #
#.###. ####. ...
# . ...


You could see a minotaur.

Vanquished Creatures
  3 two-headed ogres
  A death yak (D:10)
  An unseen horror (D:10)
  Pikel (D:6)
  2 trolls
  A hippogriff (D:10)
  Sigmund (D:5)
  A spriggan (D:7)
  2 basilisks (D:10)
  A steam dragon (D:10)
  2 hungry ghosts (D:10)
  2 water moccasins
  4 orc warriors
  2 ice beasts (D:8)
  3 sky beasts
  A hornet zombie (D:5)
  4 slaves (D:6)
  3 phantoms
  6 ogres
  7 centaurs
  4 bullfrogs
  4 big kobolds
  4 scorpions
  4 troll zombies (D:10)
  5 killer bees (D:10)
  6 howler monkeys
  8 wights
  7 crimson imps
  3 quasits
  4 bullfrog skeletons
  6 hounds
  Crazy Yiuf (D:7)
  3 orc priests
  A gnoll shaman (D:5)
  4 iguanas
  A jelly (D:7)
  13 orc wizards
  Natasha (thrice) (D:4)
  6 worker ants
  A killer bee zombie (D:10)
  2 ogre zombies (D:10)
  2 hound zombies
  3 worker ant zombies
  5 gnolls (D:5)
  A howler monkey skeleton (D:10)
  9 adders
  5 river rats
  A shadow imp (D:5)
  2 oozes
  2 adder skeletons
  2 adder zombies
  3 worms
  3 dart slugs
  8 leopard geckos
  33 orcs
  9 giant cockroaches
  10 goblins
  4 hobgoblins
  12 jackals
  21 kobolds
  3 quokkas
  5 ball pythons (Sewer)
  4 bats
  7 frilled lizards
  A giant cockroach zombie (D:5)
  3 goblin zombies (D:10)
  2 hobgoblin skeletons (D:10)
  4 hobgoblin zombies (D:10)
  A jackal skeleton (D:8)
  A leopard gecko zombie (D:7)
  An orc skeleton (D:10)
  9 orc zombies (D:10)
  3 quokka zombies
  14 rats
331 creatures vanquished.

Notes
Turn   | Place    | Note
-------+----------+-------------------------------------------
     0 | D:1      | AlphabetPasta the Merfolk Venom Mage began the quest for the Orb.
     0 | D:1      | Reached XP level 1. HP: 13/13 MP: 3/3
   102 | D:1      | Reached skill level 1 in Conjurations
   243 | D:1      | Reached XP level 2. HP: 14/19 MP: 1/5
   250 | D:1      | Learned a level 2 spell: Poisonous Vapours
   741 | D:2      | Reached skill level 4 in Poison Magic
   741 | D:2      | Reached XP level 3. HP: 22/24 MP: 1/6
   746 | D:2      | Learned a level 3 spell: Mephitic Cloud
  1180 | D:2      | Found a stormy altar of Qazlal.
  1748 | D:2      | Reached XP level 4. HP: 29/30 MP: 2/7
  2009 | D:3      | Learned a level 3 spell: Mephitic Cloud
  2046 | D:3      | Noticed AlphabetPasta's ghost (weakling CeAK)
  2233 | D:3      | Found a glowing drain.
  2251 | Sewer    | Entered a sewer
  2318 | Sewer    | Noticed a big kobold
  2331 | Sewer    | Killed a big kobold
  2331 | Sewer    | Reached skill level 5 in Poison Magic
  2331 | Sewer    | Reached XP level 5. HP: 24/35 MP: 0/9
  2337 | Sewer    | Learned a level 4 spell: Olgreb's Toxic Radiance
  2576 | Sewer    | Noticed a big kobold
  2584 | Sewer    | Killed a big kobold
  2584 | Sewer    | Reached XP level 6. HP: 41/41 MP: 3/11
  2971 | D:3      | Reached skill level 6 in Poison Magic
  3439 | D:4      | Reached XP level 7. HP: 37/46 MP: 5/12
  4065 | D:4      | Found an iron altar of Okawaru.
  4096 | D:4      | Noticed Natasha
  4109 | D:4      | Killed Natasha
  4246 | D:4      | Noticed Natasha
  4250 | D:4      | Killed Natasha
  4250 | D:4      | Reached skill level 1 in Polearms
  4250 | D:4      | Reached skill level 7 in Poison Magic
  4509 | D:4      | Noticed Natasha
  4512 | D:4      | Killed Natasha
  4557 | D:5      | Entered Level 5 of the Dungeon
  5095 | D:5      | Reached XP level 8. HP: 52/52 MP: 7/14
  6025 | D:5      | Reached skill level 8 in Poison Magic
  6172 | D:5      | Noticed Sigmund
  6193 | D:5      | Killed Sigmund
  6194 | D:5      | HP: 2/52 [shadow imp/nerve-wracking pain (10)]
  6871 | D:6      | Found Fouxkauj's Distillery.
  6879 | D:6      | Bought a potion of berserk rage for 60 gold pieces
  6879 | D:6      | Bought a potion of ambrosia for 96 gold pieces
  6992 | D:6      | Reached skill level 5 in Spellcasting
  7990 | D:7      | Noticed Pikel
  8056 | D:6      | Killed Pikel
  8056 | D:6      | Reached skill level 1 in Fighting
  8056 | D:6      | Reached skill level 9 in Poison Magic
  8056 | D:6      | Reached XP level 9. HP: 32/61 MP: 4/17
  8570 | D:7      | Reached skill level 1 in Evocations
  9149 | D:7      | Reached skill level 10 in Poison Magic
  9722 | D:7      | Identified the Catalogue of the Snowflakes and Protection
  9726 | D:7      | Learned a level 1 spell: Freeze
 10070 | D:7      | Found a staircase to the Ecumenical Temple.
 10099 | D:7      | Found a runed door.
 10122 | Temple   | Entered the Ecumenical Temple
 10280 | Temple   | Became a worshipper of Vehumet
 10428 | D:7      | Noticed Crazy Yiuf
 10436 | D:7      | Killed Crazy Yiuf
 10436 | D:7      | Reached skill level 5 in Conjurations
 10436 | D:7      | Reached XP level 10. HP: 34/67 MP: 10/19
 10962 | D:8      | Reached skill level 1 in Ice Magic
 11070 | D:8      | Noticed a two-headed ogre
 11110 | D:8      | Killed a two-headed ogre
 11110 | D:8      | Reached skill level 5 in Polearms
 11619 | D:8      | Reached skill level 11 in Poison Magic
 11940 | D:8      | Reached * piety under Vehumet
 11940 | D:8      | Offered knowledge of Magic Dart by Vehumet.
 11943 | D:8      | Learned a level 1 spell: Magic Dart
 12600 | D:9      | Noticed an oklob plant
 12745 | D:9      | Got a dull robe
 12756 | D:9      | Identified the +1 robe of the Known World {Regen+ Str+2} (You found it on level 9 of the Dungeon)
 12950 | D:9      | Noticed a two-headed ogre
 12987 | D:9      | Killed a two-headed ogre
 12987 | D:9      | Reached skill level 5 in Dodging
 13106 | D:9      | Found a shattered altar of Ashenzari.
 13292 | D:10     | Entered Level 10 of the Dungeon
 13358 | D:10     | Found a staircase to the Orcish Mines.
 13453 | D:10     | Noticed a two-headed ogre
 13472 | D:10     | Killed a two-headed ogre
 13472 | D:10     | Reached XP level 11. HP: 72/72 MP: 9/21
 13564 | D:10     | Found a staircase to the Lair.
 13565 | D:10     | Noticed a death yak
 13838 | D:10     | Reached skill level 12 in Poison Magic
 14318 | D:10     | Offered knowledge of Throw Flame by Vehumet.
 14322 | D:10     | Learned a level 2 spell: Throw Flame
 14335 | D:10     | Reached ** piety under Vehumet
 14986 | D:10     | Upgraded the game from 0.20-a0-544-g2b9a704 to 0.20-a0-548-g4f8a798
 15690 | D:10     | Killed an unseen horror
 15846 | D:10     | Killed a death yak
 15846 | D:10     | Reached skill level 1 in Fire Magic
 16217 | D:10     | Reached skill level 5 in Ice Magic
 16433 | D:10     | Offered knowledge of Throw Frost by Vehumet.
 16770 | D:11     | Reached *** piety under Vehumet
 16904 | D:11     | Offered knowledge of Throw Icicle by Vehumet.
 16918 | D:11     | Reached skill level 1 in Shields
 16972 | D:11     | Noticed a purple ugly thing
 16991 | D:11     | Found a labyrinth entrance.
 17003 | Lab      | Entered a labyrinth
 17009 | Lab      | Learned a level 4 spell: Throw Icicle
 17156 | Lab      | Noticed a minotaur
 17164 | Lab      | Identified the +9 short sword of Unwoduid {freeze, rPois rC+}
 17164 | Lab      | Annihilated by a minotaur

Vault maps used:
D:1:      lemuel_arrival_hallway, minmay_stone_trees_medium
D:2:      nicolae_qazlal_eye_of_the_storm
D:3:      first_bread, portal_sewer_entry_a
D:4:      kennysheep_okawaru_gauntlet, uniq_natasha
D:5:      uniq_sigmund
D:6:      kennysheep_six_static_rooms, serial_shops, shop
D:7:      minmay_temple_entry_glassed_door, the_bakery, uniq_crazy_yiuf_cottage,
          uniq_pikel
D:9:      serial_column_ruins, column_ruins_open_tiny, column_ruins_grid_4,
          column_ruins_columns_straight, column_ruins_open_medium,
          lemuel_oklob_altar
D:10:     david_lair_generic, zombieorc1_lemuel, hex_tiny
D:11:     lab_entry_generic, kennysheep_decorative_pillar
Temple:   nicolae_temple_the_god_donut
Lab:      nicolae_lab_dead_adventurers
Sewer:    sewer_co_15_rooms

Skill      XL: |  1  2  3  4  5  6  7  8  9 10 11 |
---------------+----------------------------------+-----
Conjurations   | 1 2 3 4 5 6 |  6.5
Poison Magic   | 4 5 6 7 9 10 11 12 | 12.6
Spellcasting   | 3 4 5 6 7 |  7.6
Polearms       | 2 4 5 6 |  6.0
Dodging        | 4 5 6 |  6.0
Fighting       | 1 2 |  2.2
Evocations     | 2 |  2.2
Ice Magic      | 4 5 |  5.1
Fire Magic     | 1 |  1.3
Shields        | 1 |  1.0
Stealth        | |  2.1

Action                   |  1- 3 |  4- 6 |  7- 9 | 10-12 || total
-------------------------+-------+-------+-------+-------++-------
Melee: Dagger            |    37 |       |       |       ||    37
       Flail             |       |    79 |    15 |       ||    94
       Tailslap          |       |     1 |       |       ||     1
       Spear             |       |       |   407 |   189 ||   596
       Trident           |       |       |       |   231 ||   231
 Cast: Sting             |    25 |    26 |     9 |     1 ||    61
       Poisonous Vapours |    31 |    40 |   108 |   130 ||   309
       Olgreb's Toxic Ra |       |       |    14 |    32 ||    46
       Freeze            |       |       |     8 |    36 ||    44
       Magic Dart        |       |       |       |    76 ||    76
       Throw Flame       |       |       |       |    39 ||    39
       Throw Icicle      |       |       |       |     4 ||     4
Evoke: Wand              |       |       |     2 |     2 ||     4
  Use: Scroll            |     3 |    10 |     7 |    11 ||    31
       Potion            |       |       |    14 |     8 ||    22
 Stab: Sleeping          |     1 |     6 |     3 |     5 ||    15
       Distracted        |     1 |       |     1 |     1 ||     3
       Paralysed         |       |       |     8 |       ||     8
  Eat: Chunk             |     4 |     8 |    11 |     8 ||    31
       Meat ration       |       |       |     3 |     2 ||     5
       Royal jelly       |       |       |     1 |     1 ||     2
       Bread ration      |       |       |       |     3 ||     3
       Fruit             |       |       |       |     2 ||     2
Armor: Robe              |     8 |    22 |    83 |   130 ||   243
Dodge: Dodged            |    32 |    65 |   290 |   357 ||   744
